AoeStats
← 739697286

African Clearing

506382875Analyzed
4v4 RM · 20d ago on Sep 13, 2026· 50m 15s· 8 players
Game mode
Random Map
Map size
Large (8 player)
Population
200
Speed
Normal
Resources
Standard
Victory
Conquest
Starting age
Dark Age
Ending age
Imperial Age
RankedLock teamsTeams togetherTeam positionsShared explorationLock speedFull tech treeHidden civsTurbo modeCheats
Victory
Defeat
🇪🇸 Saracens · Spain
1575
+11
🇨🇳 Vikings · China
1574
+11
🇨🇳 Romans · China
1569
+11
🇪🇸 Wei · Spain
1498
+14
🇨🇳 Turks · China
1490
-13
🇨🇳 Berbers · China
1466
-12
🇯🇵 Malay · Japan
1443
-11
🇨🇳 Bulgarians · China
1428
-11
fumisaiji
7:39 Loom
13:24 Feudal Age
17:33 Castle Age
15:40 Double-Bit Axe
16:10 Fletching
17:07 Crossbowman
19:32 Bodkin Arrow
19:40 Horse Collar
22:21 Town Watch
23:58 Ballistics
28:56 Wheelbarrow
28:54 Padded Archer Armor
30:54 Heavy Plow
32:46 Bow Saw
33:23 Hand Cart
34:35 Thumb Ring
35:32 Gold Mining
39:44 Imperial Age
37:45 Scale Barding Armor
37:51 Forging
38:20 Gold Shaft Mining
38:19 Husbandry
39:22 Iron Casting
39:12 Bracer
41:48 Blast Furnace
40:45 Arbalester
42:15 Elite Battle Elephant
xrw
6:34 Loom
14:01 Feudal Age
14:50 Arson
15:13 Double-Bit Axe
17:07 Horse Collar
21:32 Town Watch
24:03 Castle Age
22:07 Scale Mail Armor
23:57 Fletching
24:07 Padded Archer Armor
24:34 Gold Mining
25:18 Bodkin Arrow
26:01 Leather Archer Armor
30:42 Wheelbarrow
30:29 Bloodlines
hoot
12:29 Feudal Age
13:04 Double-Bit Axe
13:08 Loom
15:10 Forging
16:49 Scale Barding Armor
18:02 Horse Collar
18:33 Town Watch
19:00 Bloodlines
20:19 Wheelbarrow
23:41 Castle Age
22:57 Fletching
24:54 Chain Barding Armor
23:56 Light Cavalry
24:37 Husbandry
29:09 Bow Saw
29:57 Heavy Plow
32:38 Gold Mining
35:00 Ballistics
36:22 Gold Shaft Mining
39:32 Imperial Age
39:18 Bodkin Arrow
39:24 Padded Archer Armor
40:09 Thumb Ring
40:21 Leather Archer Armor
40:38 Conscription
40:23 Kasbah
40:27 Bracer
40:24 Elite Genitour
42:37 Ring Archer Armor
43:22 Chemistry
42:26 Cavalier
43:43 Plate Barding Armor
44:02 Iron Casting
44:22 Elite Camel Archer
45:42 Maghrebi Camels
47:07 Hussar
48:50 Blast Furnace
739697286
13:46 Feudal Age
13:14 Loom
17:53 Castle Age
16:50 Double-Bit Axe
18:35 Fletching
18:48 Padded Archer Armor
19:36 Bow Saw
19:48 Bodkin Arrow
19:53 Gold Mining
23:42 Wheelbarrow
23:46 Gold Shaft Mining
28:42 Hand Cart
37:53 Stone Mining
40:48 Imperial Age
lizanan
4:12 Loom
13:14 Feudal Age
17:34 Castle Age
26:27 Double-Bit Axe
27:39 Horse Collar
28:32 Fletching
29:24 Padded Archer Armor
30:03 Town Watch
31:53 Bodkin Arrow
36:15 Wheelbarrow
37:02 Scale Barding Armor
40:20 Leather Archer Armor
42:45 Imperial Age
40:36 Gold Mining
40:37 Stone Mining
42:00 Ballistics
42:04 Chain Barding Armor
42:16 Elite Skirmisher
43:13 Forging
43:53 Hand Cart
43:40 Bracer
44:27 Ring Archer Armor
46:05 Iron Casting
46:36 Plate Barding Armor
46:26 Conscription
47:47 Chemistry
46:56 Heavy Plow
47:14 Bow Saw
49:11 Blast Furnace
48:15 Elite Mameluke
49:31 Hoardings
49:09 Counterweights
50:35 Husbandry
49:55 Light Cavalry
50:47 Bloodlines
jdac
4:12 Loom
13:20 Feudal Age
14:00 Double-Bit Axe
19:55 Castle Age
18:10 Gold Mining
18:15 Horse Collar
21:40 Fletching
23:41 Bodkin Arrow
28:43 Bow Saw
31:56 Ballistics
31:52 Padded Archer Armor
36:39 Wheelbarrow
36:30 Bloodlines
37:54 Town Watch
40:47 Hand Cart
40:41 Stone Mining
40:54 Heavy Plow
41:55 Thumb Ring
42:11 Leather Archer Armor
46:56 Imperial Age
44:10 Elite Skirmisher
45:24 Masonry
47:44 Scale Barding Armor
48:42 Chemistry
47:42 Heavy Hei Guang Cavalry
48:49 Ming Guang Armor
48:44 Conscription
48:26 Tuntian
48:48 Chain Barding Armor
48:39 Forging
48:48 Husbandry
hzos6240
8:11 Loom
12:37 Feudal Age
13:57 Double-Bit Axe
18:06 Castle Age
16:37 Horse Collar
20:45 Bow Saw
24:20 Heavy Plow
25:45 Gold Mining
25:46 Stone Mining
31:18 Imperial Age
29:52 Scale Mail Armor
30:02 Forging
29:38 Man-at-Arms
30:03 Gambesons
30:19 Squires
30:04 Arson
30:28 Long Swordsman
31:19 Town Watch
31:50 Chain Mail Armor
33:03 Iron Casting
33:19 Plate Mail Armor
33:10 Conscription
32:28 Two-Handed Swordsman
33:43 Capped Ram
34:39 Champion
35:37 Chieftains
38:18 Blast Furnace
37:30 Siege Ram
40:42 Two-Man Saw
40:35 Fletching
40:56 Siege Engineers
42:37 Masonry
45:32 Coinage
47:08 Banking
48:38 Gold Shaft Mining
49:38 Bodkin Arrow
49:42 Murder Holes
50:17 Architecture
骑人机的骑士
12:21 Feudal Age
14:41 Double-Bit Axe
17:02 Castle Age
15:38 Loom
18:20 Bow Saw
20:05 Scale Mail Armor
20:16 Forging
26:13 Gold Mining
31:50 Horse Collar
35:20 Imperial Age
33:31 Squires
32:51 Pikeman
36:22 Iron Casting
36:02 Chain Mail Armor
36:55 Wheelbarrow
35:51 Heavy Scorpion
36:04 Halberdier
37:28 Heavy Plow
38:59 Blast Furnace
39:05 Chemistry
38:51 Gold Shaft Mining
39:50 Siege Engineers
40:50 Hand Cart
40:50 Stone Mining
41:56 Conscription
41:40 Capped Ram
42:45 Town Watch
43:32 Crop Rotation
43:55 Murder Holes
44:21 Ballistics
43:53 Fletching
44:45 Siege Ram
47:00 Bodkin Arrow
48:33 Ballistas
Connection lost

Rejoining the realm…

Still unreachable

The connection could not be restored.

Session expired

The server has moved on; the page needs a fresh start.